Cogmind - Beta 13 @@@ ROGUE MODE // 2024.04.11 @ 02:02:56 Player: chexo4 Result: Self-destructed Performance ------------- Evolutions (2) 1000 Regions Visited (5) 1000 Robots Destroyed (21) 105 Value Destroyed (361) 361 Prototype IDs (25) 500 Alien Tech Used (0) 0 Bonus (53) 53 TOTAL SCORE: 3019 Bonus ------- Follower Combat Kills 60 Friendly Fire -7 Cogmind --------- Core Integrity 345/550 Matter 300/300 Energy 25/100 System Corruption 1% Temperature Cool (9) Movement Flying (112) Ox1 Location -8/Materials Parts ------- > --- POWER (1) -------- (None) > --- PROPULSION (4) --- Cesium-ion Thruster Cesium-ion Thruster > --- UTILITY (4) ------ Medium Storage Unit Weight Redist. System Improved Sensor Array Signal Interpreter > --- WEAPON (2) ------- (None) > --- INVENTORY (10) --- Reinforced Ion Engine Improved Treads Improved Treads Cesium-ion Thruster Cesium-ion Thruster Cesium-ion Thruster Cesium-ion Thruster Power Shielding Light Assault Rifle Peak State ------------ > --- POWER ------------ Light Nuclear Core > --- PROPULSION ------- Cesium-ion Thruster Cesium-ion Thruster Cesium-ion Thruster Cesium-ion Thruster > --- UTILITY ---------- Medium Storage Unit Weight Redist. System Improved Sensor Array Signal Interpreter > --- WEAPON ----------- Beam Rifle Grenade Launcher > --- INVENTORY -------- Reinforced Ion Engine Improved Treads Improved Treads Cesium-ion Thruster Cesium-ion Thruster Cesium-ion Thruster Cesium-ion Thruster Power Shielding Light Assault Rifle Mining Laser [Rating: 27] Favorites ----------- Power Light Nuclear Core Engine Reinforced Ion Engine Power Core Light Nuclear Core Propulsion Wheel Treads Improved Treads Wheel Wheel Flight Unit Cesium-ion Thruster Utility Medium Storage Unit Device Seismic Detector Storage Medium Storage Unit Processor Signal Interpreter Weapon Light Assault Rifle Energy Gun Beam Rifle Ballistic Gun Light Assault Rifle Launcher Grenade Launcher Special Weapon Mining Laser Build | -11 -10 -10 -10 -9 -8 ------- Run | Yrd Mat Min Exi Min Mat Slots Evolved 4 | . . . . . 4 Power . | . . . . . . Propulsion 2 | . . . . . 2 Utility 2 | . . . . . 2 Weapon . | . . . . . . Parts Attached 34 | 8 5 6 1 . 14 Power 3 | 1 1 1 . . . Engine 2 | 1 1 . . . . Core 1 | . . 1 . . . Reactor . | . . . . . . Propulsion 14 | 3 2 3 . . 6 Treads 3 | . 2 1 . . . Leg . | . . . . . . Wheel 7 | 3 . 2 . . 2 Hover . | . . . . . . Flight 4 | . . . . . 4 Utility 8 | 2 1 1 1 . 3 Device 5 | 1 . 1 1 . 2 Storage 2 | 1 1 . . . . Processor 1 | . . . . . 1 Hackware . | . . . . . . Protection . | . . . . . . Artifact . | . . . . . . Weapon 9 | 2 1 1 . . 5 Energy Gun 4 | 1 1 . . . 2 Energy Cannon . | . . . . . . Ballistic Gun 2 | 1 . 1 . . . Ballistic Cannon . | . . . . . . Launcher 1 | . . . . . 1 Special Weapon 2 | . . . . . 2 Impact Weapon . | . . . . . . Slashing Weapon . | . . . . . . Piercing Weapon . | . . . . . . Special Melee Weapon . | . . . . . . Unidentified Prototypes . | . . . . . . Parts Lost 8 | . . 2 . . 6 Power 1 | . . . . . 1 Propulsion 3 | . . 1 . . 2 Utility 1 | . . 1 . . . Weapon 3 | . . . . . 3 Highest Loss Streak 6 | . . 1 . . 6 To Critical Strikes . | . . . . . . Average Slot Usage (%) 98 | . 100 99 100 100 96 Engine 6 | . 14 12 . . . Core 6 | . . 1 14 14 8 Treads 7 | . 25 13 . . . Wheel 18 | . 2 14 28 28 18 Flight 3 | . . . . . 17 Device 14 | . 14 13 14 14 16 Storage 13 | . 14 14 14 14 9 Processor 1 | . . . . . 8 Energy Gun 12 | . 14 14 14 14 7 Ballistic Gun 12 | . 14 14 14 14 3 Naked Turns . | . . . . . . Heaviest Build 25 | 12 25 25 20 20 22 Greatest Support 52 | 26 46 46 32 26 52 Greatest Overweight (x) 1 | . . 1 . . 1 Average Overweight (x) . | . . . . . . Largest Inventory Capacity 10 | 8 10 10 10 10 10 Average Capacity 9 | 7 8 10 10 10 10 Most Carried 10 | 5 10 10 10 10 10 Average Carried 8 | 2 8 9 9 10 7 Final Capacity 10 | 8 10 10 10 10 10 Final Carried 10 | 5 10 10 10 10 9 Class Distribution -------------------- 57% | Scavenger-Mutant 33% | Mutant 7% | Sprinter Dominant Class ---------------- Mutant | -10/Materials Scavenger-Mutant | -10/Mines Scavenger-Mutant | -10/Exiles Scavenger-Mutant | -9/Mines Scavenger-Mutant | -8/Materials Resources | -11 -10 -10 -10 -9 -8 ----------- Run | Yrd Mat Min Exi Min Mat Matter Collected 625 | 209 51 183 25 6 151 Remotely . | . . . . . . Salvage Created 659 | 144 51 307 76 36 45 Parts 53 | 13 4 27 . 1 8 Haulers Intercepted 1 | . 1 . . . . Recyclers Shooed 2 | . 2 . . . . Parts Field Recycled . | . . . . . . Retrieved Matter . | . . . . . . Parts Self-Destructed . | . . . . . . Prevented . | . . . . . . Kills | -11 -10 -10 -10 -9 -8 ------- Run | Yrd Mat Min Exi Min Mat Combat Hostiles Destroyed 14 | . . 11 . 1 2 Guns 13 | . . 11 . 1 1 AOE 1 | . . . . . 1 Classes Destroyed 9 | 2 1 3 . 1 2 Worker 2 | . . 2 . . . Tunneler 4 | 4 . . . . . Hauler 1 | . 1 . . . . Recycler 1 | 1 . . . . . Drone 1 | . . . . . 1 Swarmer 8 | . . 8 . . . Grunt 3 | . . 3 . . . Sentry 1 | . . . . . 1 Demolisher 1 | . . . . 1 . Best Kill Streak 3 | 2 1 3 . 1 1 Combat Bots Only 3 | . . 3 . 1 1 Max Kills in Single Turn 2 | 1 1 2 . 1 1 Gunslinging . | . . . . . . Exploded 1 | . . . . . 1 Melee . | . . . . . . Uniques/NPCs Destroyed . | . . . . . . Combat | -11 -10 -10 -10 -9 -8 -------- Run | Yrd Mat Min Exi Min Mat Hostile Shots Fired 121 | . . 75 . 3 43 Missed 27 | . . 16 . . 11 Damage Taken 1245 | . . 594 . 81 570 Core 381 | . . 156 . 20 205 Absorbed by Shields . | . . . . . . Regen/Repaired (Parts) 3 | . . . . . 3 Core Remaining (%) 64 | 100 . . . 29 . Volleys Fired 96 | 25 3 39 15 6 8 Largest 2 | 2 2 2 2 2 2 Hottest 156 | 70 76 76 76 76 156 Shots Fired 188 | 50 6 78 30 12 12 Gun 180 | 50 6 78 30 12 4 Cannon . | . . . . . . Launcher 3 | . . . . . 3 Special 5 | . . . . . 5 Kinetic 88 | 25 3 39 15 6 . Thermal 97 | 25 3 39 15 6 9 Explosive 3 | . . . . . 3 Electromagnetic . | . . . . . . Robot Hit Streak 11 | 5 5 11 7 3 9 Robot Miss Streak 4 | 3 1 4 2 2 . Penetration Max . | . . . . . . Secondary Targets 1 | . . 1 . . . Max Gunslinging Chain 1 | . . 1 . . . Shots Hit Robots 109 | 26 5 46 18 7 7 Core Hits 45 | 10 3 21 7 1 3 Critical Kills 1 | . . 1 . . . Critical Parts Destroyed 1 | . . 1 . . . Critical Strikes 5 | . . 3 1 1 . Burn 3 | . . 1 1 1 . Destroy 2 | . . 2 . . . Melee Attacks . | . . . . . . Impact . | . . . . . . Slashing . | . . . . . . Piercing . | . . . . . . Sneak Attacks . | . . . . . . Combat Hostiles . | . . . . . . Follow-up Attacks . | . . . . . . Damage Inflicted 1278 | 262 57 529 198 80 152 Guns 1163 | 262 54 511 198 80 58 Cannons . | . . . . . . Explosions 94 | . . . . . 94 Melee . | . . . . . . Ramming 21 | . 3 18 . . . Kinetic 381 | 86 26 167 66 36 . Thermal 782 | 176 28 344 132 44 58 Explosive 61 | . . . . . 61 Electromagnetic 33 | . . . . . 33 Impact . | . . . . . . Slashing . | . . . . . . Piercing . | . . . . . . Highest Corruption 1 | . . . . . 1 Average Corruption 1 | . . . . . 1 Corruption Purged . | . . . . . . Corruption Blocked . | . . . . . . Effects 2 | . . . . . 2 Matter Fused 1 | . . . . . 1 Heat Flow Errors 1 | . . . . . 1 Overload Shots . | . . . . . . Overflow Damage . | . . . . . . Projectiles . | . . . . . . Explosions . | . . . . . . Melee . | . . . . . . Knockbacks . | . . . . . . Impact . | . . . . . . Kinetic . | . . . . . . Secondary . | . . . . . . Self-Inflicted Damage 60 | . . . . . 60 Shots 4 | . . . . . 4 Rammed 5 | . 1 4 . . . Targets Rammed 5 | . 1 4 . . . Kicked . | . . . . . . Crushed . | . . . . . . Highest Temperature 365 | 90 44 365 326 146 143 Average Temperature 99 | 30 27 131 171 69 33 Received Heat Transfer 363 | . . 183 . . 180 Effects 2 | . . 2 . . . Shutdowns 1 | . . 1 . . . Energy Bleed 1 | . . 1 . . . Siege Activations . | . . . . . . Robots Corrupted . | . . . . . . Combat Hostiles . | . . . . . . Parts Fried . | . . . . . . Impact Corruptions . | . . . . . . Robots Melted . | . . . . . . Combat Hostiles . | . . . . . . Parts Melted . | . . . . . . Heat Transferred 2294 | 518 74 962 407 185 148 Parts Sabotaged . | . . . . . . Parts Stolen . | . . . . . . Parts Stripped . | . . . . . . Power Chain Reactions . | . . . . . . Alert | -11 -10 -10 -10 -9 -8 ------- Run | Yrd Mat Min Exi Min Mat Peak Influence 363 | 25 38 250 . 99 363 Initial 33 | . 16 14 . . 33 Average 89 | 9 22 112 . 83 104 Maximum Alert Level 1 | . . 1 . . 1 Low Security (%) 80 | 100 100 68 . 100 84 Level 1 19 | . . 31 . . 15 Level 2 . | . . . . . . Level 3 . | . . . . . . Level 4 . | . . . . . . Level 5 . | . . . . . . High Security . | . . . . . . Max Security . | . . . . . . Squads Dispatched 4 | . . . . . 4 Investigation 3 | . . . . . 3 Extermination . | . . . . . . Reinforcement 1 | . . . . . 1 Assault . | . . . . . . Garrison . | . . . . . . Intercept . | . . . . . . Searches Triggered . | . . . . . . Construction Impeded . | . . . . . . Haulers Reinforced . | . . . . . . Active Scanning Responses . | . . . . . . Cargo Convoy Interrupts . | . . . . . . Stealth | -11 -10 -10 -10 -9 -8 --------- Run | Yrd Mat Min Exi Min Mat Distress Signals 2 | . . . . . 2 Communications Jammed . | . . . . . . Distress Signals . | . . . . . . Times Spotted 44 | . 1 10 . 7 26 Peak Tracking Total 14 | . 1 3 . 3 14 Tactical Retreats 3 | . . . . . 3 Traps | -11 -10 -10 -10 -9 -8 ------- Run | Yrd Mat Min Exi Min Mat Traps Triggered 1 | . . . . . 1 Indirectly . | . . . . . . Trap Hack Attempts . | . . . . . . Triggered . | . . . . . . Disarmed . | . . . . . . Reprogrammed . | . . . . . . Reused . | . . . . . . Traps Extracted . | . . . . . . Installed . | . . . . . . Triggered . | . . . . . . Machines | -11 -10 -10 -10 -9 -8 ---------- Run | Yrd Mat Min Exi Min Mat Machines Disabled 3 | . . . . . 3 Max in Single Turn 2 | . . . . . 2 Machines Repaired . | . . . . . . Machines Dismantled . | . . . . . . Machines Sabotaged . | . . . . . . Overloaded Fab Kills . | . . . . . . Hacking | -11 -10 -10 -10 -9 -8 --------- Run | Yrd Mat Min Exi Min Mat Machines Accessed 8 | . 1 1 2 . 4 Terminals 5 | . 1 1 . . 3 Fabricators . | . . . . . . Repair Stations 1 | . . . . . 1 Recycling Units . | . . . . . . Scanalyzers . | . . . . . . Garrison Access . | . . . . . . Total Hacks 46 | . 2 4 24 . 16 Successful 35 | . . 2 24 . 9 Failed 11 | . 2 2 . . 7 Catastrophic 2 | . . . . . 2 Database Lockouts . | . . . . . . Manual 11 | . 2 4 1 . 4 Terminals 16 | . 2 4 . . 10 Fabricators . | . . . . . . Repair Stations 6 | . . . . . 6 Recycling Units . | . . . . . . Scanalyzers . | . . . . . . Garrison Access . | . . . . . . Terminal Hacks 30 | . . 2 24 . 4 Record 24 | . . . 23 . 1 Prototype ID Bank 1 | . . . . . 1 Emergency Access Points 1 | . . . . . 1 Terminal Index 2 | . . 1 . . 1 Zone Layout 1 | . . 1 . . . Derelict Proto ID Bank 1 | . . . 1 . . Fabricator Hacks . | . . . . . . Repair Station Hacks 5 | . . . . . 5 Scan Component 3 | . . . . . 3 Repair 2 | . . . . . 2 Recycling Unit Hacks . | . . . . . . Scanalyzer . | . . . . . . Garrison Access Hacks . | . . . . . . Unauthorized Hacks . | . . . . . . Terminals . | . . . . . . Fabricators . | . . . . . . Repair Stations . | . . . . . . Recycling Units . | . . . . . . Scanalyzers . | . . . . . . Garrison Access . | . . . . . . Data Cores Recovered . | . . . . . . Used . | . . . . . . Hacking Detections 6 | . 1 1 . . 4 Full Trace Events 4 | . 1 . . . 3 Feedback Events 1 | . . . . . 1 Corruption 1 | . . . . . 1 Feedback Blocked . | . . . . . . Robot Schematics Acquired . | . . . . . . Robots Built . | . . . . . . Authchips . | . . . . . . Time . | . . . . . . Total Robot Build Rating . | . . . . . . Part Schematics Acquired . | . . . . . . Parts Built . | . . . . . . Authchips . | . . . . . . Time . | . . . . . . Total Part Build Rating . | . . . . . . Parts Repaired 2 | . . . . . 2 Time 106 | . . . . . 106 Parts Recycled . | . . . . . . Recycled Matter . | . . . . . . Retrieved Matter . | . . . . . . Retrieved Components . | . . . . . . Parts Scanalyzed . | . . . . . . Part Schematics Acquired . | . . . . . . Parts Damaged . | . . . . . . Bothacking | -11 -10 -10 -10 -9 -8 ------------ Run | Yrd Mat Min Exi Min Mat Used RIF Installer . | . . . . . . Robots Hacked . | . . . . . . Non-combat . | . . . . . . Combat . | . . . . . . Robot Hacks Applied . | . . . . . . Relay Couplers Released . | . . . . . . Fabnet Peak Effective % . | . . . . . . Robots Rewired 4 | . . . 4 . . Allies Hacked . | . . . . . . Hacks Repelled . | . . . . . . Allies | -11 -10 -10 -10 -9 -8 -------- Run | Yrd Mat Min Exi Min Mat Total Allies 4 | . . . 4 . . Largest Group 4 | . . . 4 4 . Highest-Rated Group 45 | . . . 45 45 . Highest-Rated Ally 21 | . . . 21 21 . Total Orders 5 | . . . 2 2 1 EXPLORE 4 | . . . 1 2 1 RETURN 1 | . . . 1 . . Ally Attacks 16 | . . . . 16 . Total Damage 178 | . . . . 178 . Kills 4 | . . . . 4 . Allies Corrupted . | . . . . . . Allies Melted . | . . . . . . Intel | -11 -10 -10 -10 -9 -8 ------- Run | Yrd Mat Min Exi Min Mat Robot Analysis Total . | . . . . . . Derelict Logs Recovered 2 | . . 1 . 1 . Drone Launches 4 | . . . 1 2 1 Drone Recoveries 3 | . . . 1 2 . Exploration | -11 -10 -10 -10 -9 -8 ------------- Run | Yrd Mat Min Exi Min Mat Turns Passed 2251 | 207 131 869 515 128 401 Spaces Moved 1715 | 134 67 621 315 84 494 Core 4 | 4 . . . . . Treads 252 | . 60 192 . . . Legs . | . . . . . . Wheels 1090 | 130 7 429 315 84 125 Hover . | . . . . . . Flight 369 | . . . . . 369 Fastest Speed 26 | 50 90 90 90 90 26 Average Speed 86 | 85 152 112 90 90 41 Slowest Speed 240 | 90 160 240 90 90 114 Overloaded Moves . | . . . . . . Propulsion Burnouts . | . . . . . . Robots Hopped 2 | . . . . . 2 Cave-ins Triggered . | . . . . . . Exploration Rate (%) 60 | 8 15 93 90 72 87 Regions Visited 5 Branch Regions 3 Pre-discovered Areas 1 | . . . 1 . . Known Exits Taken . | . . . . . . Unknown Exits Taken 5 | 1 1 1 1 1 . Scrap Searched 3 | . . 3 . . . Spaces Dug 4 | . . . . . 4 Terrain Destroyed 20 | . . . . . 20 Melee . | . . . . . . Projectile 4 | . . . . . 4 AOE 16 | . . . . . 16 Terrain Rammed . | . . . . . . Walls Destroyed . | . . . . . . Machines Disabled . | . . . . . . Actions | -11 -10 -10 -10 -9 -8 --------- Run | Yrd Mat Min Exi Min Mat Total 2295 | 180 91 714 519 125 666 Wait 309 | 2 . 42 95 36 134 Move 1706 | 133 66 620 314 83 490 Hop 2 | . . . . . 2 Pick Up 37 | 12 10 2 1 . 12 Fast Attach . | . . . . . . Attach 15 | 7 . 2 . . 6 Detach . | . . . . . . Swap 19 | 1 5 4 1 . 8 Drop 14 | . 6 1 1 . 6 Fire 96 | 25 3 39 15 6 8 Melee . | . . . . . . Ram . | . . . . . . Kick . | . . . . . . Crush 5 | . 1 4 . . . Escape Stasis . | . . . . . . Rewire 92 | . . . 92 . . Trap . | . . . . . . Miscellaneous . | . . . . . . Route ------- -11/Scrapyard -10/Materials -10/Mines (discovered 4 exits: [*Mat x2] / *Exi / [*Sub]) -10/Exiles (discovered 2 exits: [*Min x2]) -9/Mines -8/Materials (discovered 3 exits: [*Fac x3]) History --------- Turn | Location | Event 26 | -11/Scrapyard | Discovered new exit (range 15) 208 | -11/Scrapyard | Entered Materials 307 | -10/Materials | Build established: Mutant 325 | -10/Materials | Discovered new exit (range 8) 339 | -10/Materials | Entered Mines 360 | -10/Mines | Met a Derelict bent on vengeance 439 | -10/Mines | Discovered new exit (range 7) 553 | -10/Mines | Learned 2 Materials zone layouts 578 | -10/Mines | Core integrity fell below 50% 793 | -10/Mines | Found a damaged Exp. Sensor Array with a note attached 879 | -10/Mines | Discovered new exit (range 4) 887 | -10/Mines | Discovered new exit (range 6) 1081 | -10/Mines | Build established: Scavenger-Mutant 1202 | -10/Mines | Deemed a non-threat by the Exiles lab entrance 1203 | -10/Mines | Discovered new exit (range 5) 1208 | -10/Mines | Entered Exiles 1208 | -10/Exiles | Found Exiles lab destroyed 1398 | -10/Exiles | Learned location of Zion (-7) 1489 | -10/Exiles | Opened EX-Vault 1502 | -10/Exiles | Found Supersonic Drone Bay 1516 | -10/Exiles | Discovered new exit (range 56) 1521 | -10/Exiles | Discovered new exit (range 71) 1723 | -10/Exiles | Entered Mines 1723 | -9/Mines | Accompanied by 4 allies 1749 | -9/Mines | Discovered new exit (range 53) 1769 | -9/Mines | Assembled infested the area 1826 | -9/Mines | Lost 4 allies 1851 | -9/Mines | Entered Materials 1851 | -8/Materials | Evolved 4 slots: Propulsion x2, Utility x2 1860 | -8/Materials | Discovered new exit (range 55) 1862 | -8/Materials | Discovered new exit (range 52) 1863 | -8/Materials | Discovered new exit (range 70) 2090 | -8/Materials | Repaired Corrupted Cesium-ion Thruster 2143 | -8/Materials | Repaired Corrupted Cesium-ion Thruster 2252 | -8/Materials | Self-destructed Last Messages --------------- W-25 Informer sends out distress signal. K-01 Serf collects debris. O-24 Administrator: "IFF HANDSHAKE FAILED. SECURING TERMINAL." Connecting with Terminal... ALERT: Hostiles spotted, dispatching reinforcements to Terminal M004. Acquired 106 matter. Grenade Launcher destroyed. System corrupted: Matter fused (-8). Drone destroyed. Atomic Centrifuge disabled. Lgt. Nuclear Core destroyed. Acquired 6 matter. Cesium-ion Thruster destroyed. Penetrated by Slug. Mining Laser destroyed. Penetrated by Slug. Beam Rifle destroyed. G-47 Trooper destroyed. Map ----- +----------------------------------------------------+ | ?????????????#!!]][[#??????# #?# ! #????# | | ?????????????########??????# #?# = ######+ | | #??????????????????????????# #?# # ! | | #???????????????????# #?# """ """ # | | """""#???????????????????# #?# """ """ # """" | | ! """""#####???????????????# #?# """ """ # """" | | """""# #?###???????????# #?# # """" | | """""# ### ###?????????# #?# # | | """""# !## ########### #######+######+#### | | """""# ## "" # " | | """""# ## "" # %" | | # ## "T # [] " """"" " | | #####+## ## "" # ] """"""""" !!# | | # ##+### "" # """ """ !!# | | # + x# # | | # T # !! / # | | # #### # !] # # | | ## #####+###### x # | | ## # #???# #### # | | ## + ! #???# #?#####+################# # | | ## # #???# #?# #???????????# # | | #+## # "Y" #???# #?# """ """ #???????????# # | | #! """ ##??# x###h"""g""" #???????????# # | | # #??# xggg["" """ #????######## # | | #+## ############ ###g* g #????# # # | | # #????# #?# @ #????# = # # | | # #????# ######+#### ""T"" #????# / + | | ##"###### ## # """"" #????#!![ # # | | ] # + ## """"" ###########????#!![ # < # | | # # ## """"" #??????????????#![ = # # | | # # ## """"" #??????????????############ | | # + ## """"" #?????????????????????????? | | # # ## """"" #????????????????????###### | | # # ## """"" #????????????????????# | | #### + + """"" #????????????????????# """ | | ???# ####### #????????????????????# R" | | ???# #?????##########????????????????????# """ | | ???######???????????????????????????????????# | | ????????????????????????????????????????????# | | ????????????????????????????????????????????###### | | | | | | | | | | | | | | | | | | | | | +----------------------------------------------------+ Best States ------------- Heat Dissipation 31 Energy Generation 14 Energy Capacity 265 Matter Stores 300 Matter Capacity 300 Sight Range 16 Robot Scan Range 15 Terrain Scan Density 10 Additional Mass Support 6 Evasion (%) 64 Recoil Reduction 2 Item Schematics ----------------- None Robot Schematics ------------------ None Fabricated ------------ Nothing Alien Tech Used ----------------- None Achievements -------------- None Challenges ------------ None Game ------ Seed FluxTractorSpecial Manual? 0 Play Time 00:20:31 Cumulative 20.5 hours Start 2024.04.11 @ 01:45:06 End 2024.04.11 @ 02:02:56 Sessions 1 Manual Loads 0 Difficulty Rogue Special Mode None Game No. 55 Rogue 55 Adventurer 0 Explorer 0 Win Type - Total 0 Types 0/0/0/0/0/0/0/0/0 Lore% 17 Gallery% 28 Achievement% 22 Wizard Run 0 Options --------- Layout 1 ASCII 0 Keyboard 0 Movement Arrows Keybinds 0 Fullscreen 2 Font 24/Smallcaps Map View 50x35 Zoom Use 0% Tactical HUD 0 Map Filters NONE Filters NONE Steam 1 RUN: 4dd191ba-7c71-4d90-abf5-15f7027c5775